 Dungeon Crawl Stone Soup version 0.30.0-29-ga12c61a403 (webtiles) character file.

Game seed: 4662150198659565749

3699 hawla the Thaumaturge (level 9, -1/47 HPs)
             Began as a Deep Elf Fire Elementalist on June 12, 2023.
             Was a Follower of Vehumet.
             Slain by a centaur
             ... wielding a +0 halberd
              (4 damage)
             ... in a bailey.
             The game lasted 00:22:47 (8757 turns).

hawla the Thaumaturge (Deep Elf Fire Elementalist)  Turns: 8757, Time: 00:22:48

Health: -1/47      AC: 10    Str:  9    XL:     9   Next: 91%
Magic:  3/25       EV: 14    Int: 29    God:    Vehumet [*.....]
Gold:   488        SH:  0    Dex: 19    Spells: 18/29 levels left

rFire   . . .        o - +8 long sword of the Lame Duck {elec, Str+4}
rCold   + . .        (no shield)
rNeg    . . .        a - +1 robe
rPois   +            r - +1 helmet
rElec   .            (no cloak)
rCorr   +            c - +2 pair of gloves of the World {rPois rC+ Stlth+}
SInv    .            l - +1 pair of boots
Will    .....        (no amulet)
Stlth   +++          n - ring of protection from fire
HPRegen 0.27/turn    p - ring "Duorolec" {rCorr Int+4 Dex+4}
MPRegen 0.19/turn

%: no passive effects
@: studying Dodging
A: talons 1, heat vulnerability 1
a: Renounce Religion


You were in a bailey.
You worshipped Vehumet.
Vehumet was aware of your devotion.
You visited 2 branches of the dungeon, and saw 9 of its levels.
You also visited: Bailey.

You collected 488 gold pieces.

Inventory:

Hand Weapons
 o - the +8 long sword of the Lame Duck (weapon) {elec, Str+4}
   (You found it on level 5 of the Dungeon)

   Str:       It affects your strength (+4).
 z - a +2 dagger of venom
Armour
 a - a +1 robe (worn)
 c - the +2 pair of gloves of the World (worn) {rPois rC+ Stlth+}
   (You acquired it on level 6 of the Dungeon)

   rC:        It protects you from cold.
   rPois:     It protects you from poison.
   Stlth:     It makes you more stealthy.
 l - a +1 pair of boots (worn)
 r - a +1 helmet (worn)
Jewellery
 d - a +5 ring of evasion
 i - a ring of wizardry
 n - a ring of protection from fire (left hand)
 p - the ring "Duorolec" (right hand) {rCorr Int+4 Dex+4}
   (You found it on level 2 of the Dungeon)

   [ring of resist corrosion]

   Int:       It affects your intelligence (+4).
   Dex:       It affects your dexterity (+4).
   rCorr:     It protects you from acid and corrosion.
Wands
 s - a wand of mindburst (12) (quivered)
 v - a wand of polymorph (7)
 x - a wand of digging (3)
Scrolls
 j - a scroll of summoning
 k - a scroll of fog
 q - 3 scrolls of blinking
 y - 5 scrolls of teleportation
Potions
 b - a potion of flight
 e - 3 potions of curing
 f - 2 potions of lignification
 h - a potion of berserk rage
 m - 3 potions of haste


   Skills:
 + Level 1.0 Fighting
 + Level 1.0(1.3) Short Blades
 + Level 1.2(1.4) Long Blades
 + Level 3.7 Dodging
 - Level 2.9 Stealth
 + Level 10.9 Spellcasting
 + Level 6.5 Conjurations
 + Level 6.2 Necromancy
 + Level 8.5 Fire Magic
 + Level 3.0 Evocations


You had 18 spell levels left.
You knew the following spells:

 Your Spells              Type           Power      Damage    Failure   Level
a - Foxfire               Conj/Fire      100%       2x1d9     1%          1
b - Scorch                Fire           100%       2d9       1%          2
c - Flame Wave            Conj/Fire      56%        2d13      1%          4
d - Dispel Undead         Necr           51%        3d19      2%          4

Your spell library contained the following spells:

 Spells                   Type           Power      Damage    Failure   Level
 Freeze                   Ice            60%        1d7       3%          1
 Kiss of Death            Conj/Necr      100%       2d13      1%          1
 Inner Flame              Hex/Fire       40%        N/A       1%          3
 Volatile Blastmotes      Fire/Tloc      80%        2d16      1%          3
 Confusing Touch          Hex            15%        N/A       11%         3
 Summon Lightning Spire   Summ/Air       15%        N/A       34%         4
 Storm Form               Tmut/Air       7%         N/A       100%        7
 Maxwell's Capacitive Co  Air            7%         ∞         100%        8


Dungeon Overview and Level Annotations

Branches:
Dungeon (8/15)             Temple (1/1) D:6            Lair (0/5) D:8
 Bailey (1/1)

Altars:
Ashenzari
Cheibriados
Dithmenos
Elyvilon
Gozag
Hepliaklqana
Kikubaaqudgha
Makhleb
Nemelex Xobeh
Okawaru
Qazlal
Ru
Sif Muna
Trog
Uskayaw
Vehumet
Wu Jian
Xom
Yredelemnul
Zin
The Shining One

Shops:
D:1 (

Annotations:
D:8 Maggie


Innate Abilities, Weirdness & Mutations

You have sharp toenails.
You are vulnerable to heat. (rF-)


Message History

The orc is lightly wounded.
The foxfire hits the orc.
The orc is moderately wounded.
Casting: Foxfire (safe; 1% risk of failure)
Confirm with . or Enter, or press ? or * to list all spells.
You conjure some foxfire!
Casting: Foxfire (safe; 1% risk of failure)
Confirm with . or Enter, or press ? or * to list all spells.
You conjure some foxfire!
The foxfire hits the orc.
The orc is heavily wounded.
The foxfire hits the orc but does no damage.
The orc is heavily wounded.
An orc warrior comes into view. It is wielding a +0 spear.
The foxfire hits the orc.
You kill the orc!
Vehumet accepts your kill.
There is an open gate here.
Things that are here:
a +0 halberd; a +0 ring mail You close the gate, pushing everything out of the way.
You see here a +0 ring mail.
A centaur comes into view. It is wielding a +0 halberd.
The centaur throws a javelin.
The javelin barely misses you.
An orc comes into view. It is wielding a +0 trident.
The centaur throws a javelin.
The javelin misses you.
The centaur throws a javelin.
The javelin pierces through you.
* * * LOW HITPOINT WARNING * * *
The centaur closely misses you. The centaur barely misses you.
Casting: Foxfire (safe; 1% risk of failure)
Confirm with . or Enter, or press ? or * to list all spells.
Casting: Flame Wave (dangerous; 1% risk of failure)
Press: ? - help, Dir - look around, f - activate A wave of flame ripples out!
The flame wave engulfs the centaur!
The centaur is severely wounded. (Press . to intensify the flame waves.)
The centaur hits you with a +0 halberd!
* * * LOW HITPOINT WARNING * * *
The centaur kicks you but does no damage.
The centaur hits you with a +0 halberd.
You die...

#############
≈≈≈≈≈≈§§§≈≈≈##
.....oc@.....##
..............##
####+##########⌠.......#
#≈............#####....#
#≈...≈≈≈≈≈≈≈≈≈)...##...#
##≈..≈≈.......≈≈≈.⌠.#...#
..
#≈≈...)≈≈≈≈≈≈≈).≈≈..#...#
.⌠
≈≈...≈≈≈.....≈≈≈.≈≈.#⌠..#
...
≈⌠..≈≈..≈≈≈≈≈..≈≈.≈)##..#
≈...


You could see a centaur and an orc.

Vanquished Creatures
  A hornet (D:8)
  3 vampire mosquitoes (D:7)
  A steam dragon (D:7)
  Menkaure (D:4)
  2 acid dragons
  3 black bears
  2 ice beasts
  A sky beast (D:7)
  7 orc warriors (Bailey)
  An ogre (D:4)
  3 centaurs
  A phantom (D:6)
  A bullfrog (D:7)
  4 scorpions
  A jelly (D:6)
  5 orc priests
  5 hounds
  A sleepcap (D:5)
  Ijyb (D:4)
  2 iguanas
  5 orc wizards
  Robin (D:2)
  3 gnolls (D:4)
  3 adders
  A shadow imp (D:6)
  A white imp (D:6)
  An ufetubus (D:4)
  2 worms
  2 dart slugs
  38 orcs
  5 ball pythons
  6 bats
  7 endoplasms
  2 giant cockroaches
  16 goblins
  7 hobgoblins
  4 quokkas
  4 frilled lizards
  3 kobolds
  4 rats
161 creatures vanquished.

Vanquished Creatures (others)
  387 foxfires
387 creatures vanquished.

Grand Total: 548 creatures vanquished

Notes
Turn   | Place    | Note
-------+----------+-------------------------------------------
     0 | D:1      | hawla the Deep Elf Fire Elementalist began the quest for
                  | the Orb.
     0 | D:1      | Reached XP level 1. HP: 10/10 MP: 6/6
   585 | D:1      | Reached XP level 2. HP: 15/15 MP: 6/8
   588 | D:1      | Learned a level 2 spell: Scorch
   767 | D:1      | Found Vokkurex's Antique Weapon Boutique.
  1168 | D:2      | Reached XP level 3. HP: 19/19 MP: 7/10
  1633 | D:2      | Noticed Robin
  1926 | D:3      | Reached skill level 4 in Spellcasting
  1957 | D:3      | Found a shadowy altar of Dithmenos.
  2016 | D:3      | Found a faded altar of an unknown god.
  2759 | D:2      | Reached XP level 4. HP: 15/24 MP: 10/12
  2764 | D:2      | Killed Robin
  2768 | D:2      | Identified the ring "Duorolec" {rCorr Int+4 Dex+4}
  2838 | D:2      | Found an ornate altar of the Wu Jian Council.
  3071 | D:4      | Noticed a black bear
  3077 | D:4      | Killed a black bear
  3078 | D:4      | Reached skill level 5 in Spellcasting
  3078 | D:4      | Reached XP level 5. HP: 21/28 MP: 7/14
  3083 | D:4      | Learned a level 4 spell: Flame Wave
  3194 | D:4      | Noticed Ijyb
  3198 | D:4      | Killed Ijyb
  3283 | D:4      | Reached XP level 6. HP: 32/32 MP: 10/15
  3286 | D:4      | Noticed Menkaure
  3291 | D:4      | Killed Menkaure
  3417 | D:4      | Found a burning altar of Makhleb.
  3552 | D:4      | Reached skill level 5 in Fire Magic
  3552 | D:4      | Reached XP level 7. HP: 37/37 MP: 9/17
  3820 | D:4      | Found a sacrificial altar of Ru.
  4120 | D:5      | Entered Level 5 of the Dungeon
  4140 | D:5      | Gained mutation: You are vulnerable to heat. (rF-) [potion
                  | of mutation]
  4140 | D:5      | Gained mutation: You have sharp toenails. [potion of
                  | mutation]
  4170 | D:5      | Reached skill level 1 in Evocations
  4537 | D:5      | Reached skill level 6 in Spellcasting
  4696 | D:5      | Reached skill level 5 in Conjurations
  4699 | D:5      | Reached skill level 1 in Short Blades
  4876 | D:5      | Identified the +8 long sword of the Lame Duck {elec, Str+4}
  4913 | D:5      | Reached skill level 7 in Spellcasting
  4913 | D:5      | Reached XP level 8. HP: 42/42 MP: 15/20
  4983 | D:5      | Found a basalt altar of Yredelemnul.
  5223 | D:6      | Identified a scroll of acquirement
  5223 | D:6      | Acquired the +2 pair of gloves of the World {rPois rC+
                  | Stlth+}
  5316 | D:6      | Reached skill level 8 in Spellcasting
  5412 | D:6      | Found a staircase to the Ecumenical Temple.
  6361 | D:6      | Learned a level 4 spell: Dispel Undead
  6391 | Temple   | Entered the Ecumenical Temple
  6567 | Temple   | Became a worshipper of Vehumet
  6595 | D:7      | Reached skill level 1 in Necromancy
  6911 | D:7      | Reached XP level 9. HP: 33/46 MP: 15/23
  7033 | D:7      | Found a bloodstained altar of Trog.
  7074 | D:7      | Reached skill level 5 in Necromancy
  7076 | D:7      | Reached skill level 9 in Spellcasting
  7307 | D:7      | Found a hide-covered altar of Uskayaw.
  7307 | D:7      | Found a glowing golden altar of the Shining One.
  7314 | D:7      | Found a broken altar of Ashenzari.
  7316 | D:7      | Found a faded altar of an unknown god.
  7318 | D:7      | Found a white marble altar of Elyvilon.
  8110 | D:8      | Noticed Maggie
  8183 | D:8      | Reached skill level 1 in Long Blades
  8217 | D:8      | Reached skill level 1 in Fighting
  8236 | D:8      | Found a flagged portal.
  8248 | Bailey   | Entered a bailey
  8253 | Bailey   | Reached skill level 10 in Spellcasting
  8259 | Bailey   | Reached * piety under Vehumet
  8259 | Bailey   | Offered knowledge of Freeze by Vehumet.
  8704 | Bailey   | HP: 1/47 [orc warrior/+0 halberd (19)]
  8757 | Bailey   | Slain by a centaur

Illustrated notes

Levels and vault maps discovered:
D:1:      dpeg_arrival_three_smaller_balls, layout_loops_ring, serial_shops,
          nicolae_shop_waterfront
D:2:      layout_rooms, basic_altar, corexii_shack, grunt_ministairs_3,
          uniq_robin
D:3:      layout_basic, nicolae_overflow_crystal_walls,
          hellmonk_ecumenical_altar_crossroads
D:4:      layout_loops_ring, makhleb_heckhound_becter, nicolae_ru_path_of_blood,
          st_stairs_12, minmay_misc_feat_nine_boxes, uniq_ijyb, uniq_menkaure
D:5:      layout_basic, kennysheep_little_box, minmay_holes, minmay_manual_mares
D:6:      layout_basic, temple_statues, dk_noncrumbling_2
D:7:      layout_layer_cave, trog_three_pillars_becter,
          chequers_temple_overflow_minitemple
D:8:      layout_cave_pools, dpeg_lair_monsters, serial_rivers,
          chequers_serial_rivers_small_a, chequers_serial_rivers_large_a,
          chequers_serial_rivers_micro_a, chequers_serial_rivers_marsh,
          chequers_serial_rivers_small_3, ebering_ghost_reflecting_pool,
          enter_bailey_2, uniq_maggie, uniq_joseph
Temple:   nicolae_temple_slightly_damp_pantheon
Bailey:   bailey_polearm_flooded_kennysheep, bailey

Skill      XL: |  1  2  3  4  5  6  7  8  9 |
---------------+----------------------------+-----
Fire Magic     | 4 5 6 7 8 |  8.5
Spellcasting   | 4 5 7 8 10 | 10.9
Dodging        | 3 |  3.7
Conjurations   | 2 3 4 5 6 |  6.5
Evocations     | 3 |  3.0
Short Blades   | 1 |  1.0
Necromancy     | 4 6 |  6.2
Long Blades    | 1 |  1.2
Fighting       | 1 |  1.0
Stealth        | |  2.9

Action                     |  1- 3 |  4- 6 |  7- 9 || total
---------------------------+-------+-------+-------++-------
  Melee: Unarmed           |     2 |       |       ||     2
         Rapier            |    23 |     8 |     9 ||    40
         Short sword       |     2 |       |       ||     2
         Long sword        |       |       |    14 ||    14
   Cast: Foxfire           |    71 |    24 |   126 ||   221
         Scorch            |    10 |    18 |    47 ||    75
         Flame Wave        |       |       |    11 ||    11
         Dispel Undead     |       |       |     2 ||     2
    Use: Scroll            |     3 |     1 |    18 ||    22
         Potion            |       |     1 |     5 ||     6
   Stab: Sleeping          |       |       |     4 ||     4
 Armour: Robe              |    14 |     3 |    14 ||    31
         Skin              |       |       |     9 ||     9
  Dodge: Dodged            |    37 |    19 |    69 ||   125
